AoeStats
← Hößi

Arabia

509957330Analyzed
1v1 RM · 3d ago on Sep 28, 2026· 61m 52s· 2 players
Game mode
Random Map
Map size
Tiny (2 player)
Population
200
Speed
Normal
Resources
Standard
Victory
Conquest
Starting age
Dark Age
Ending age
Imperial Age
RankedLock teamsTeams togetherTeam positionsShared explorationLock speedFull tech treeHidden civsTurbo modeCheats
Victory
Defeat
🇭🇺 Teutons · Hungary
1421
+15
🇩🇪 Khitans · Germany
1392
-15
Hößi
7:55 Loom
10:23 Feudal Age
10:49 Double-Bit Axe
14:06 Wheelbarrow
13:18 Town Watch
14:44 Forging
20:01 Scale Barding Armor
25:59 Castle Age
24:25 Fletching
25:27 Padded Archer Armor
26:03 Light Cavalry
26:43 Husbandry
26:44 Bodkin Arrow
27:00 Gold Mining
28:06 Iron Casting
28:56 Bow Saw
32:01 Heavy Cavalry Archer
35:01 Wheelbarrow
36:45 Thumb Ring
37:10 Domestication
37:26 Stone Mining
39:14 Hand Cart
42:21 Imperial Age
42:28 Hussar
43:19 Bracer
42:59 Capped Ram
45:21 Chemistry
44:50 Ballistics
44:53 Heavy Camel Rider
46:23 Chain Barding Armor
48:49 Plate Barding Armor
48:00 Capped Ram
50:36 Leather Archer Armor
51:56 Squires
52:38 Masonry
60:31 Scale Mail Armor
61:47 Parthian Tactics
Oni.The_Viper
6:48 Loom
9:24 Feudal Age
11:03 Double-Bit Axe
13:11 Horse Collar
18:27 Castle Age
18:21 Forging
25:00 Bow Saw
26:37 Heavy Plow
26:58 Stone Mining
27:00 Gold Mining
31:06 Fletching
33:21 Stone Shaft Mining
35:06 Ballistics
39:07 Imperial Age
37:15 Wheelbarrow
38:21 Iron Casting
37:52 Scale Barding Armor
38:18 Bloodlines
39:38 Cavalier
40:40 Chain Barding Armor
42:14 Crop Rotation
43:33 Blast Furnace
43:29 Plate Barding Armor
42:48 Paladin
48:20 Two-Man Saw
48:18 Scale Mail Armor
49:17 Chain Mail Armor
48:58 Bodkin Arrow
52:10 Plate Mail Armor
51:25 Pikeman
52:25 Squires
52:32 Halberdier
55:06 Padded Archer Armor
58:41 Ironclad
58:58 Conscription
61:23 Elite Skirmisher
62:18 Leather Archer Armor
Connection lost

Rejoining the realm…

Still unreachable

The connection could not be restored.

Session expired

The server has moved on; the page needs a fresh start.